 Dungeon Crawl Stone Soup version 0.17.2-1-ge4368a0 (webtiles) character file.

20052 Goblin1989 the Cruncher (level 12, -12/77 HPs)
             Began as a Gargoyle Gladiator on Sept 19, 2016.
             Was an Initiate of Gozag.
             Killed by divine providence
             ... invoked by a daeva
              (14 damage)
             ... on level 2 of the Abyss.
             The game lasted 00:54:09 (15837 turns).

Goblin1989 the Cruncher (Gargoyle Gladiator)       Turns: 15837, Time: 00:54:10

Health: -12/77     AC: 21    Str: 21    XL:     12   Next: 75%
Magic:  9/12       EV: 17    Int:  9    God:    Gozag
Gold:   971        SH:  0    Dex: 18    Spells: 0 memorised, 11 levels left

rFire  + . .     SeeInvis +     a - +1 quarterstaff
rCold  + . .     Clarity  .     E - +0 chain mail {rF+}
rNeg   + . .     SustAt   .     (shield currently unavailable)
rPois  ∞         Gourm    .     c - +0 helmet
rElec  +         Spirit   .     (no cloak)
rCorr  .         Warding  .     (no gloves)
rMut   +         Stasis   .     (no boots)
MR     .....                    t - amulet of resist mutation
Stlth  ..........               i - ring of protection from cold
                                m - ring of see invisible

@: agile, very slightly contaminated, hasted, glowing, studying Summonings, very
quick, not resistant to hostile enchantments, extremely unstealthy
A: negative energy resistance 1, electricity resistance, unbreathing,
petrification resistance, rot immunity, AC +8
a: Potion Petition, Call Merchant, Bribe Branch, Renounce Religion


You were on level 2 of the Abyss.
You worshipped Gozag.
Gozag was noncommittal.
You were not hungry.

You visited 3 branches of the dungeon, and saw 16 of its levels.
You visited the Abyss 1 time.

You collected 3426 gold pieces.
You spent 104 gold pieces at shops.
You paid 2351 gold pieces to Gozag.

Inventory:

Hand Weapons
 a - a +1 quarterstaff (weapon)
Missiles
 d - 5 throwing nets (quivered)
Armour
 c - a +0 helmet (worn)
 E - a +0 chain mail of fire resistance (worn)
Jewellery
 e - an uncursed ring of sustain attributes
 i - a ring of protection from cold (right hand)
 m - a ring of see invisible (left hand)
 t - an amulet of resist mutation (around neck)
 S - an uncursed amulet of guardian spirit
Wands
 b - a wand of magic darts (37)
 s - a wand of digging (3)
 y - a wand of slowing (25)
 C - a wand of draining (5)
 I - a wand of confusion (16)
 J - a wand of digging (12)
 K - a wand of slowing (24)
 P - a wand of lightning (15)
Scrolls
 k - 2 scrolls of blinking
 l - 7 scrolls of amnesia
 n - a scroll of fear
 o - 4 scrolls of magic mapping
 p - 9 scrolls of remove curse
 v - a scroll of teleportation {unknown}
 F - a scroll of enchant weapon
Potions
 f - 3 potions of lignification
 h - a potion of mutation {unknown}
 j - a potion of brilliance
 q - a potion of haste
 r - a potion of agility
 A - 3 potions of curing
 G - 2 potions of cure mutation
 L - a potion of ambrosia {unknown}
 M - a potion of cancellation {unknown}
 Q - a potion of heal wounds
 R - a potion of magic
Books
 H - a manual of Summonings
Miscellaneous
 g - a lamp of fire


   Skills:
 + Level 10.1 Fighting
 - Level 14.1 Staves
 - Level 1.7 Throwing
 + Level 10.1 Armour
 + Level 7.1 Dodging


You had 11 spell levels left.
You didn't know any spells.

Dungeon Overview and Level Annotations

Branches:
Dungeon (11/15)            Temple (1/1) D:4            Lair (4/8) D:10
  Swamp (0/4) Lair:4
  Snake: Lair:3-6    Spider: Lair:3-6       Orc: D:9-12

Altars:
Ashenzari
Cheibriados
Dithmenos
Elyvilon
Fedhas
Gozag
Makhleb
Nemelex Xobeh
Okawaru
Qazlal
Ru
Sif Muna
Trog
Vehumet
Xom
Yredelemnul
Zin

Shops:
D:4 =!   D:8 *

Annotations:
D:7 Goblin1989's ghost, novice DsMo
Lair:2 Sonja


Innate Abilities, Weirdness & Mutations

You are resistant to torment.
Your stone body is resilient (AC +8).
You are immune to poison.
You resist negative energy.
You are resistant to electric shocks.
You can survive without breathing.
You are immune to petrification.
You are immune to rotting.


Message History

The daeva is lightly wounded.
A ynoxinul comes into view.
The daeva blocks your attack.
The daeva is lightly wounded.
The ynoxinul bellows!
The daeva completely misses you. The daeva hits you but does no damage.
The daeva blocks your attack. The daeva blocks your attack.
The daeva blocks your attack.
The daeva calls down the wrath of the Shining One upon you.
Something smites you!
* * * LOW HITPOINT WARNING * * *
You take 8 damage, and have 2/77 hp.
The daeva blocks your attack.
You sock the daeva!
The daeva is lightly wounded.
The daeva calls down the wrath of the Shining One upon you.
Something smites you!
You die...
Your body crumbles into a pile of gold.

# . #...# # #.. .
#.# #.# #####.## #.
. .. ..# #.#
#.###..### # #. #.
. ......# ##
#.###..# ..#...#
#..#.###.$##......#
#.........@A......
#..#.#.#....3.....#
# # # ##.###.#...#
### .# ..# #.# . .
#. ## .h . .


You could see a daeva and a ynoxinul.

Vanquished Creatures
  Erolcha (D:9)
  Fannar (D:10)
  Harold (D:10)
  Erica (D:8)
  A hydra (Lair:1)
  The ghost of Goblin1989 the Grappler, a journeyman GrMo of Zin (Lair:1)
  Nergalle (Lair:1)
  2 unseen horrors (D:11)
  A manticore (D:11)
  2 spiny frogs (Lair:1)
  A large abomination (Abyss:2)
  A troll (D:11)
  A komodo dragon (Lair:1)
  Grinder (D:4)
  Prince Ribbit (D:5)
  The ghost of Goblin1989 the Poker, an amateur DsSk (D:5)
  A harpy skeleton (D:11)
  2 wyverns
  2 basilisks
  A deep elf fighter (D:10)
  Grum (D:10)
  19 yaks
  2 hippogriffs
  Menkaure (D:5)
  A mottled dragon (D:11)
  Edmund (D:4)
  3 hungry ghosts
  4 orc warriors
  6 water moccasins
  2 wolves (D:10)
  A spider (Lair:3)
  A wasp (D:10)
  4 porcupines
  3 sky beasts
  4 ogres
  An ice beast (D:8)
  4 phantoms
  5 big kobolds
  5 centaurs
  6 crocodiles
  2 gnoll sergeants
  12 giant frogs
  3 scorpions
  A centaur zombie (D:9)
  5 wights (D:9)
  2 giant frog skeletons
  4 crimson imps
  An iron imp (Abyss:2)
  6 orc priests
  10 orc wizards
  5 jellies
  6 hounds
  4 iguanas
  Terence (D:2)
  A centaur skeleton (D:6)
  8 worker ants
  5 sheep (Lair:1)
  A hound zombie (D:8)
  17 adders
  40 river rats
  A worker ant zombie (D:7)
  11 gnolls
  2 shadow imps
  3 adder skeletons
  An adder zombie (D:5)
  4 worms
  5 giant geckos
  44 orcs
  2 ball pythons
  12 bats
  8 hobgoblins
  16 jackals
  5 quokkas
  4 giant cockroaches
  A giant cockroach zombie (D:6)
  2 giant gecko skeletons
  7 giant newts
  7 goblins
  40 kobolds
  A quokka zombie (D:6)
  13 rats
421 creatures vanquished.

Vanquished Creatures (others)
  16 fungi (D:10)
  6 plants
22 creatures vanquished.

Grand Total: 443 creatures vanquished

Notes
Turn   | Place    | Note
--------------------------------------------------------------
     0 | D:1      | Goblin1989 the Gargoyle Gladiator began the quest for the Orb.
     0 | D:1      | Reached XP level 1. HP: 12/12 MP: 1/1
   131 | D:1      | Reached XP level 2. HP: 17/17 MP: 2/2
   793 | D:2      | Reached skill level 4 in Staves
   793 | D:2      | Reached XP level 3. HP: 11/21 MP: 3/3
  1012 | D:2      | Reached XP level 4. HP: 22/26 MP: 4/4
  1093 | D:2      | Noticed Terence
  1111 | D:2      | Killed Terence
  1111 | D:2      | Reached skill level 5 in Staves
  1230 | D:2      | Found a burning altar of Makhleb.
  1596 | D:3      | Reached XP level 5. HP: 26/30 MP: 5/5
  2032 | D:4      | Reached skill level 6 in Staves
  2135 | D:4      | Reached XP level 6. HP: 31/35 MP: 6/6
  2196 | D:4      | Noticed Edmund
  2209 | D:4      | Killed Edmund
  2209 | D:4      | Reached skill level 7 in Staves
  2404 | D:4      | Found a staircase to the Ecumenical Temple.
  2417 | Temple   | Entered the Ecumenical Temple
  2482 | Temple   | Became a worshipper of Gozag Ym Sagoz the Greedy
  2637 | D:4      | Found Futiff's Distillery.
  2640 | D:4      | Bought a potion of curing for 39 gold pieces
  2640 | D:4      | Bought a potion of might for 52 gold pieces
  2640 | D:4      | Bought a potion of degeneration for 13 gold pieces
  2708 | D:4      | You fall through a shaft for 2 floors!
  2797 | D:6      | Reached XP level 7. HP: 33/40 MP: 7/7
  2870 | D:6      | Reached skill level 8 in Staves
  3194 | D:6      | Reached skill level 9 in Staves
  3204 | D:5      | Entered Level 5 of the Dungeon
  3379 | D:5      | Noticed Menkaure
  3392 | D:5      | HP: 1/40 [Menkaure (3)]
  3395 | D:5      | Killed Menkaure
  3395 | D:5      | Reached XP level 8. HP: 12/44 MP: 8/8
  4108 | D:4      | Got a brightly glowing whip
  4109 | D:4      | Identified the +7 whip "Untuomaz" {slash, *Corrode rC+ Dex+3} (You found it on level 4 of the Dungeon)
  4162 | D:4      | Noticed Grinder
  4189 | D:4      | Killed Grinder
  4189 | D:4      | Reached skill level 10 in Staves
  4256 | D:4      | Found Hogoj's Jewellery Shoppe.
  4526 | D:5      | Noticed Prince Ribbit
  4552 | D:5      | Killed Prince Ribbit
  4552 | D:5      | Reached skill level 1 in Armour
  4857 | D:5      | Noticed Goblin1989's ghost (amateur DsSk)
  4962 | D:6      | Reached XP level 9. HP: 50/50 MP: 9/9
  5527 | D:6      | Reached skill level 11 in Staves
  6256 | D:7      | Found a white marble altar of Elyvilon.
  6854 | D:7      | Noticed Goblin1989's ghost (novice DsMo)
  6967 | D:5      | Killed Goblin1989's ghost
  7595 | D:8      | Reached skill level 5 in Fighting
  7595 | D:8      | Reached XP level 10. HP: 51/59 MP: 10/10
  7649 | D:8      | Found Mepp's Assorted Antiques.
  7713 | D:8      | Noticed Erica
  7730 | D:8      | Killed Erica
  7730 | D:8      | Reached skill level 12 in Staves
  7730 | D:8      | Reached skill level 5 in Armour
  7866 | D:8      | Found a shadowy altar of Dithmenos.
  7949 | D:8      | Found a shattered altar of Ashenzari.
  8042 | D:8      | Found a sacrificial altar of Ru.
  8043 | D:8      | Found a deep blue altar of Sif Muna.
  8043 | D:8      | Found a blossoming altar of Fedhas.
  8300 | D:9      | Noticed Erolcha
  8312 | D:9      | Killed Erolcha
  8312 | D:9      | Reached skill level 5 in Dodging
  9143 | D:10     | Entered Level 10 of the Dungeon
  9209 | D:10     | Noticed Harold
  9260 | D:10     | Killed Harold
  9260 | D:10     | Reached XP level 11. HP: 8/66 MP: 11/11
  9561 | D:10     | Reached skill level 13 in Staves
  9931 | D:10     | Noticed Fannar
  9938 | D:10     | Noticed Grum
  9966 | D:10     | Killed Fannar
 10274 | D:10     | Killed Grum
 11025 | D:10     | Found a staircase to the Lair.
 11828 | D:11     | Noticed an unseen horror
 12297 | D:11     | Noticed an unseen horror
 12322 | D:11     | Killed an unseen horror
 12455 | D:11     | Killed an unseen horror
 12455 | D:11     | Reached skill level 14 in Staves
 13012 | Lair:1   | Entered Level 1 of the Lair of Beasts
 13028 | Lair:1   | Reached XP level 12. HP: 6/75 MP: 12/12
 13394 | Lair:1   | Noticed a four-headed hydra
 13405 | Lair:1   | Killed a four-headed hydra
 13477 | Lair:1   | Noticed Nergalle
 13492 | Lair:1   | Noticed a spectral orc warlord
 13524 | Lair:1   | Killed Nergalle
 14269 | Lair:1   | Noticed Goblin1989's ghost (journeyman GrMo)
 14296 | Lair:1   | Killed Goblin1989's ghost
 15130 | Lair:2   | You fall through a shaft for 2 floors!
 15130 | Lair:4   | Found a staircase to the Swamp.
 15151 | Lair:4   | Noticed a four-headed hydra
 15358 | Lair:2   | Reached skill level 10 in Fighting
 15492 | Lair:2   | Reached skill level 10 in Armour
 15614 | Lair:2   | Noticed Sonja
 15617 | Lair:2   | Cast into the Abyss (Sonja)
 15821 | Abyss:2  | Noticed a daeva
 15835 | Abyss:2  | HP: 2/77 [daeva/divine providence (8)]
 15837 | Abyss:2  | Killed from afar by a daeva

Action                   |  1- 3 |  4- 6 |  7- 9 | 10-12 || total
-------------------------+-------+-------+-------+-------++-------
Melee: Quarterstaff      |    71 |   212 |   544 |  1343 ||  2170
Throw: Throwing net      |       |       |       |     1 ||     1
Invok: Potion Petition   |       |       |     2 |     3 ||     5
Evoke: Wand              |       |       |     1 |    16 ||    17
  Use: Potion            |       |       |     3 |     4 ||     7
       Scroll            |       |       |     8 |    11 ||    19
 Stab: Distracted        |       |       |     5 |     2 ||     7
       Invisible         |       |       |     6 |       ||     6
       Paralysed         |       |       |     4 |     4 ||     8
       Confused          |       |       |       |     2 ||     2
  Eat: Chunk             |       |     6 |       |       ||     6
       Meat ration       |       |       |     1 |     3 ||     4
       Pizza             |       |       |     1 |       ||     1
       Bread ration      |       |       |     2 |     3 ||     5
       Fruit             |       |       |     2 |     5 ||     7
       Beef jerky        |       |       |     2 |     1 ||     3
